 Dungeon Crawl Stone Soup version 0.23-a0-586-gacb4b3f (webtiles) character file.

70 galech the Skirmisher (level 4, 35/35 HPs)
             Began as a Demonspawn Fighter on Dec 19, 2018.
             Quit the game on level 2 of the Dungeon.
             The game lasted 00:01:34 (1797 turns).

galech the Skirmisher (Demonspawn Fighter)          Turns: 1797, Time: 00:01:35

Health: 35/35      AC:  9    Str: 17    XL:     4   Next: 4%
Magic:  4/4        EV:  4    Int:  9    God:
Gold:   153        SH:  9    Dex: 15    Spells: 3/3 levels left

rFire    . . .     SeeInvis .   a - +0 war axe
rCold    + . .     Gourm    .   c - +0 shield
rNeg     . . .     Faith    .   i - +0 chain mail
rPois    .         Spirit   .   (no helmet)
rElec    .         Reflect  .   (no cloak)
rCorr    .         Harm     .   (no gloves)
MR       .....                  (no boots)
Stlth    ..........             (no amulet)
HPRegen  0.11/turn              g - ring of attention (curse)
MPRegen  0.09/turn              n - ring of ice

@: no status effects
A: thin skeletal structure 1, fire resistance 1, nightstalker 1
a: no special abilities


You were on level 2 of the Dungeon.
You were not hungry.

You visited 1 branch of the dungeon, and saw 2 of its levels.

You collected 153 gold pieces.

Inventory:

Hand Weapons
 a - a +0 war axe (weapon)
Armour
 b - a +0 scale mail
 c - a +0 shield (worn)
 i - a +0 chain mail (worn)
Jewellery
 g - a cursed ring of attention (left hand)
 n - a ring of ice (right hand)
Wands
 o - a wand of iceblast (10)
Scrolls
 e - a scroll of fog {unknown}
 j - a scroll of teleportation {unknown}
 k - a scroll of identify {unknown}
 l - a scroll of enchant armour {unknown}
 p - 2 scrolls of remove curse {unknown}
Potions
 d - a potion of might
 m - 2 potions of brilliance {unknown}
Comestibles
 f - 4 rations
 h - 3 chunks of flesh


   Skills:
 + Level 3.5 Fighting
 + Level 2.9 Axes
 + Level 3.0 Armour
 + Level 0.1 Stealth
 + Level 3.1 Shields


You had 3 spell levels left.
You didn't know any spells.
Your spell library was empty.

Dungeon Overview and Level Annotations

Branches:
Dungeon (2/15)

Altars:
Fedhas
Trog
Vehumet


Innate Abilities, Weirdness & Mutations

You have a somewhat thin skeletal structure. (Dex +2, Stealth)
Your flesh is heat resistant. (rF+)
You are slightly more attuned to the shadows.


Message History

No target in view!
No target in view!
No target in view!
No target in view!
No target in view!
No target in view!
No target in view!
No target in view!
No target in view!
You see here a goblin corpse.
You butcher the goblin corpse.
h - 3 chunks of flesh (gained 2)
You see here a goblin skeleton.
p - a scroll labeled GAQEIPH XELIEMP
p - 2 scrolls labeled GAQEIPH XELIEMP (gained 1)
You now have 138 gold pieces (gained 13).
You now have 153 gold pieces (gained 15).
Found a short sword.
Found a buckler.
Are you sure you want to abandon this character and quit the game? (Confirm

#.# #.# #.# #.######### #.#
#.# #.........# #[#.# #.#
#########.# #.#.# #.#
############.# #)#.######.#
#.........##.# #.#.#<.....#
#.........##.# #.#.########
.............# #.#........
..........######@#..#####.
.................#...####.#
..........##............).#
........^.###.###....######
..........# #.....#.##
.#####.######..#..#.#
..............).>.#.#
.###..............#.# .#
#.#.############.#


There were no monsters in sight!

Vanquished Creatures
  3 adders (D:2)
  A worm (D:2)
  A leopard gecko (D:2)
  2 giant cockroaches
  4 hobgoblins
  8 jackals
  5 bats
  2 frilled lizards (D:2)
  5 goblins
  3 kobolds
  3 rats
37 creatures vanquished.

Notes
Turn   | Place    | Note
-------+----------+-------------------------------------------
     0 | D:1      | galech the Demonspawn Fighter began the quest for the Orb.
     0 | D:1      | Reached XP level 1. HP: 18/18 MP: 1/1
   149 | D:1      | Gained mutation: You have a somewhat thin skeletal
                  | structure. (Dex +2, Stealth) [demonic ancestry]
   149 | D:1      | Reached XP level 2. HP: 18/24 MP: 2/2
   919 | D:2      | Gained mutation: Your flesh is heat resistant. (rF+)
                  | [demonic ancestry]
   919 | D:2      | Reached XP level 3. HP: 8/29 MP: 3/3
  1263 | D:2      | Found a radiant altar of Vehumet.
  1272 | D:2      | Found a blossoming altar of Fedhas.
  1310 | D:2      | Found a bloodstained altar of Trog.
  1646 | D:2      | Gained mutation: You are slightly more attuned to the
                  | shadows. [demonic ancestry]
  1646 | D:2      | Reached XP level 4. HP: 35/35 MP: 4/4
  1797 | D:2      | Quit the game

Vault maps used:
D:1:      matt_arrival_refuge
D:2:      minmay_angry_zag, bloody_trog, grunt_temple_overflow_open

Skill      XL: |  1  2  3 |
---------------+----------+-----
Axes           | 2 |  2.9
Shields        | 3 |  3.1
Armour         | 3 |  3.0
Fighting       | |  3.5
Stealth        | |  0.1

Action                   |  1- 3 |  4- 6 || total
-------------------------+-------+-------++-------
Melee: War axe           |   123 |     4 ||   127
  Eat: Chunk             |     2 |     1 ||     3
Armor: Scale mail        |    18 |       ||    18
       Chain mail        |    63 |     4 ||    67
Dodge: Dodged            |    37 |       ||    37
Block: Shield            |    78 |     5 ||    83

Table legend:
 A = Non-vault XP
 B = Vault XP
 C = Vault XP percentage of total XP
 D = Non-vault monster count
 E = Vault monster count
 F = Vault count percentage of total count
                 A         B        C        D         E       F
            +---------+---------+-------+---------+---------+-------
      Total |      82 |      19 |  18.8 |      32 |       5 |  13.5
            +---------+---------+-------+---------+---------+-------
        D:1 |      21 |       0 |   0.0 |      13 |       0 |   0.0
        D:2 |      61 |      19 |  23.8 |      19 |       5 |  20.8
            +---------+---------+-------+---------+---------+-------
